Map: Proxima Station LE

Players

Nerchio

  • Race: Zerg Zerg
  • Spawn Location: 1:00

Neeb - Winner!

  • Race: Protoss Protoss
  • Spawn Location: 7:00

Event: WCS Austin 2017

VOD

https://www.youtube.com/watch?v=FpPCpChSvpg

Description

Time

  • Played on: April 30, 2017, 3:49 p.m.
  • Length: 7:08

All games in this series

Show
View Real Time Build Order
Export as new Build Order

Nerchio Zerg 

Build Orders: Hatch First 

Get SALT Encoding   

  12  0:00  Drone  
  13  0:12  Overlord  
  13  0:17  Drone  
  14  0:31  Drone x2  
  14  0:34  Drone  
  17  0:53  Hatchery  
  17  0:55  Drone  
  17  0:59  Drone  
  18  1:07  Extractor  
  17  1:15  Spawning Pool  
  17  1:18  Drone  
  17  1:21  Drone  
  18  1:28  Drone  
  19  1:39  Overlord  
  19  1:49  Drone  
  20  2:01  Queen  
  20  2:02  Zergling x2  
  20  2:04  Queen  
  20  2:08  Metabolic Boost  
  25  2:10  Zergling x2  
  25  2:14  Drone  
  27  2:17  Drone  
  27  2:22  Drone  
  29  2:27  Drone  
  30  2:33  Drone  
  31  2:44  Hatchery  
  31  2:45  Drone  
  31  2:48  Drone  
  32  2:56  Queen  
  34  3:00  Overlord  
  34  3:05  Drone x2  
  35  3:18  Drone x6  
  41  3:21  Overlord  
  41  3:24  Drone  
  42  3:27  Drone  
  43  3:37  Spore Crawler  
  43  3:39  Queen  
  43  3:41  Zergling x6  
  47  3:43  Zergling x2  
  47  3:45  Zergling x2  
  47  3:47  Zergling x2  
  47  3:48  Zergling x2  
  51  3:52  Spore Crawler  
  51  3:55  Overlord  
  50  3:56  Drone  
  50  3:58  Drone  
  50  4:00  Drone  
  50  4:02  Drone  
  54  4:05  Drone  
  54  4:08  Drone x2  
  56  4:13  Drone x3  
  59  4:17  Lair  
  59  4:20  Drone x2  
  59  4:23  Drone x2  
  63  4:25  Drone  
  63  4:31  Overlord  
  64  4:33  Extractor x2  
  64  4:37  Roach Warren  
  59  4:39  Drone  
  59  4:40  Drone x3  
  59  4:42  Overlord  
  64  4:52  Drone  
  64  4:53  Drone x6  
  64  4:59  Evolution Chamber  
  69  5:00  Extractor  
  69  5:04  Zergling x6  
  70  5:09  Zergling x2, Spore Crawler  
  70  5:11  Extractor  
  69  5:15  Evolution Chamber x2  
  69  5:17  Hydralisk Den  
  69  5:19  Queen x2  
  66  5:22  Zergling x6  
  66  5:27  Drone  
  66  5:28  Drone x2  
  67  5:29  Drone  
  67  5:32  Drone  
  67  5:33  Drone  
  66  5:36  Drone  
  66  5:37  Drone  
  66  5:39  Drone  
  66  5:41  Drone  
  66  5:42  Drone  
  72  5:43  Drone  
  72  5:45  Drone  
  74  5:51  Muscular Augments  
  74  5:55  Roach  
  74  5:57  Roach, Evolution Chamber  
  74  5:59  Roach  
  74  6:01  Roach  
  78  6:07  Roach, Evolution Chamber  
  78  6:09  Evolution Chamber  
  77  6:11  Overlord  
  77  6:14  Overlord  
  71  6:22  Roach x3  
  68  6:26  Roach  
  68  6:29  Roach  
  67  6:33  Ravager  
  67  6:36  Roach  
  60  6:40  Roach  
Show
View Real Time Build Order
Export as new Build Order

Neeb Protoss - Winner!

Build Orders: Nexus First, Oracle Opening 

Get SALT Encoding   

  12  0:01  Probe (Chrono Boost)  
  13  0:11  Probe (Chrono Boost)  
  14  0:18  Pylon  
  14  0:22  Probe (Chrono Boost)  
  15  0:36  Probe (Chrono Boost)  
  16  0:47  Probe (Chrono Boost)  
  17  0:57  Nexus  
  17  1:08  Gateway  
  17  1:11  Probe (Chrono Boost)  
  18  1:16  Assimilator  
  18  1:21  Probe (Chrono Boost)  
  18  1:24  Assimilator  
  19  1:32  Probe (Chrono Boost)  
  20  1:39  Pylon  
  20  1:42  Probe (Chrono Boost)  
  21  1:53  Probe (Chrono Boost)  
  22  1:55  Cybernetics Core  
  22  2:03  Probe (Chrono Boost)  
  23  2:10  Probe (Chrono Boost)  
  23  2:14  Probe (Chrono Boost)  
  25  2:20  Probe (Chrono Boost)  
  26  2:23  Warp Gate  
  26  2:25  Probe (Chrono Boost)  
  26  2:28  Adept  
  27  2:31  Probe (Chrono Boost)  
  27  2:32  Stargate  
  31  2:37  Probe (Chrono Boost)  
  31  2:41  Probe (Chrono Boost)  
  32  2:49  Probe (Chrono Boost)  
  33  2:52  Probe (Chrono Boost)  
  33  2:55  Adept  
  36  2:59  Probe (Chrono Boost)  
  36  3:02  Probe (Chrono Boost)  
  38  3:10  Oracle  
  38  3:11  Probe (Chrono Boost)  
  39  3:12  Pylon  
  39  3:14  Probe (Chrono Boost)  
  43  3:23  Probe (Chrono Boost)  
  43  3:26  Probe (Chrono Boost), Gateway  
  45  3:27  Gateway  
  45  3:32  Twilight Council  
  46  3:35  Probe (Chrono Boost)  
  46  3:37  Pylon  
  46  3:39  Probe (Chrono Boost)  
  47  3:45  Oracle  
  47  3:47  Probe (Chrono Boost)  
  48  3:48  Assimilator  
  48  3:53  Probe (Chrono Boost)  
  52  3:56  Pylon  
  52  3:59  Probe (Chrono Boost), Adept  
  52  4:01  Resonating Glaives  
  55  4:05  Probe (Chrono Boost)  
  57  4:10  Pylon  
  57  4:11  Probe (Chrono Boost)  
  58  4:18  Probe (Chrono Boost)  
  55  4:27  Probe (Chrono Boost), Pylon  
  55  4:29  Phoenix  
  55  4:30  Adept x2  
  62  4:40  Probe x2 (Chrono Boost)  
  62  4:42  Adept  
  66  4:51  Nexus  
  66  4:52  Pylon  
  66  4:55  Adept x2  
  72  5:00  Probe x2 (Chrono Boost)  
  72  5:01  Assimilator  
  72  5:08  Adept  
  72  5:12  Probe x2 (Chrono Boost)  
  76  5:15  Adept x2  
  76  5:18  Robotics Facility  
  80  5:24  Probe (Chrono Boost)  
  81  5:31  Probe (Chrono Boost)  
  82  5:37  Adept x2  
  82  5:40  Pylon x2  
  82  5:41  Pylon x2  
  86  5:52  Forge  
  86  6:00  Probe x2 (Chrono Boost), Pylon  
  86  6:03  Probe (Chrono Boost)  
  89  6:05  Adept x2  
  96  6:12  Probe (Chrono Boost)  
  96  6:14  Mothership Core (Chrono Boost)  
  96  6:15  Probe (Chrono Boost)  
  96  6:16  Adept  
  91  6:24  Probe (Chrono Boost)  
  88  6:25  Probe (Chrono Boost)  
  88  6:29  Adept x2  
  87  6:34  Probe (Chrono Boost)  
  87  6:36  Probe (Chrono Boost)  
  87  6:37  Probe (Chrono Boost)  
  86  6:46  Probe (Chrono Boost)  
  88  6:47  Probe (Chrono Boost)  
  88  6:49  Probe (Chrono Boost)  
  88  6:52  Assimilator  
  88  6:54  Assimilator  
Tags
 
Add a new tag
Caveats
  • Supply blocks, unpowered buildings, or Contaminate may cause inaccurate times.
  • Supply counts are checked every 10 seconds.